 Dungeon Crawl Stone Soup version 0.23-a0-143-g1adec7b (webtiles) character file.

110 mopl the Poker (level 4, -7/35 HPs)
             Began as a Merfolk Abyssal Knight on Sept 4, 2018.
             Was a Believer of Lugonu.
             Killed by divine providence
             ... invoked by an orc priest
              (13 damage)
             ... on level 3 of the Dungeon.
             The game lasted 00:04:18 (2683 turns).

mopl the Poker (Merfolk Abyssal Knight)             Turns: 2683, Time: 00:04:19

Health: -7/35      AC:  5    Str: 12    XL:     4   Next: 91%
Magic:  6/6        EV: 12    Int: 11    God:    Lugonu [**....]
Gold:   149        SH:  0    Dex: 14    Spells: 3/3 levels left

rFire    + . .     SeeInvis .   a - +1 spear
rCold    . . .     Gourm    .   (no shield)
rNeg     . . .     Faith    .   b - +0 leather armour
rPois    .         Spirit   .   (no helmet)
rElec    .         Reflect  .   (no cloak)
rCorr    .         Harm     .   i - +0 pair of gloves
MR       .....                  k - +0 pair of boots
Stlth    +.........             (no amulet)
HPRegen  0.11/turn              o - ring of protection from fire
MPRegen  0.10/turn              (no ring)

@: no status effects
A: change form in water, swift swim, stealthy swim
a: Depart the Abyss, Bend Space, Renounce Religion


You were on level 3 of the Dungeon.
You worshipped Lugonu.
Lugonu was pleased with you.
You were not hungry.

You visited 1 branch of the dungeon, and saw 3 of its levels.
You visited the Abyss 1 time.

You collected 149 gold pieces.

Inventory:

Hand Weapons
 a - a +1 spear (weapon)
Missiles
 q - 5 tomahawks (quivered)
Armour
 b - a +0 leather armour (worn)
 d - a +0 buckler
 i - a +0 pair of gloves (worn)
 k - a +0 pair of boots (worn)
Jewellery
 o - a ring of protection from fire (left hand)
Scrolls
 h - a scroll of fog {unknown}
 j - 4 scrolls of fear {unknown}
 p - a scroll of remove curse {unknown}
 r - 2 scrolls of amnesia {unknown}
 s - a scroll of enchant armour {unknown}
 t - a scroll of teleportation {unknown}
Potions
 e - a potion of agility
 f - a potion of haste
 l - a potion of magic
 m - a potion of invisibility
 n - a potion of cancellation
 u - 2 potions of lignification {!q}
 v - a potion of curing {unknown}
Comestibles
 c - 6 rations


   Skills:
 - Level 3.2 Fighting
 * Level 6.1 Polearms
 - Level 0.6 Armour
 - Level 2.6 Dodging
 + Level 3.3 Invocations


You had 3 spell levels left.
You didn't know any spells.
Your spell library was empty.

Dungeon Overview and Level Annotations

Branches:
Dungeon (3/15)

Altars:


Message History

You are too injured to fight recklessly!
You are too injured to fight recklessly!
You are too injured to fight recklessly!
You are too injured to fight recklessly!
You are too injured to fight recklessly!
You are too injured to fight recklessly!
You are too injured to fight recklessly!
Unknown command.
You see here a stone.
Unknown command.
Unknown command.
Unknown command.
Unknown command.
Unknown command.
The orc priest invokes the aid of Beogh against you.
Beogh smites you!
* * * LOW HITPOINT WARNING * * *
The orc priest mumbles some strange prayers to Beogh against you.
Beogh smites you!
You die...

...#####...####### ..............
.................# ..............
.................# #..........<..
...........go....# #.............
.............oo..# .............
.................# #.##.........
.................# #..#.........
#................# #..#.........
#...............@####..#.........
#....#.##.#................##.#..
#....#.##.#.#.....###......##>#..
#........ #.#.....#.............#
.......## #.......#......#.......
####.#######..)..##...#..#.......
# #.............##...#..##......
####.#...###.....##...#...#......
.....#...###.....##...##....#####


You could see an orc priest, 2 orcs and a goblin.

Vanquished Creatures
  A worker ant (D:3)
  4 worms
  A dart slug (D:1)
  3 leopard geckos
  3 orcs
  2 giant cockroaches (D:3)
  7 goblins
  10 hobgoblins
  6 jackals
  6 kobolds
  A quokka (D:3)
  8 bats
  5 frilled lizards
  4 rats
61 creatures vanquished.

Notes
Turn   | Place    | Note
-------+----------+-------------------------------------------
     0 | Abyss:1  | mopl the Merfolk Abyssal Knight began the quest for the
                  | Orb.
     0 | Abyss:1  | Reached XP level 1. HP: 18/18 MP: 2/2
    24 | Abyss:1  | Noticed a shadow dragon simulacrum
    47 | D:1      | Escaped the Abyss
   321 | D:1      | Reached XP level 2. HP: 18/24 MP: 3/3
   536 | D:1      | Reached skill level 4 in Polearms
   570 | D:1      | Reached * piety under Lugonu
   646 | D:1      | Reached XP level 3. HP: 29/29 MP: 4/4
  1586 | D:2      | Reached skill level 5 in Polearms
  1922 | D:2      | Reached XP level 4. HP: 35/35 MP: 6/6
  1936 | D:2      | Reached skill level 3 in Invocations
  2394 | D:3      | Reached skill level 6 in Polearms
  2464 | D:3      | Reached ** piety under Lugonu
  2683 | D:3      | Killed from afar by an orc priest

Vault maps used:
D:1:      nagdon_arrival_double_spiral, minmay_splitting_lines
D:2:      serial_bayou_lake_a
D:3:      first_ration

Skill      XL: |  1  2  3  4 |
---------------+-------------+-----
Polearms       | 4 5 6 |  6.1
Invocations    | 3 |  3.3
Fighting       | |  3.2
Armour         | |  0.6
Dodging        | |  2.6

Action                   |  1- 3 |  4- 6 || total
-------------------------+-------+-------++-------
Melee: Spear             |   194 |    98 ||   292
       Tailslap          |     1 |       ||     1
Invok: Depart the Abyss  |     1 |       ||     1
  Use: Scroll            |     5 |     1 ||     6
 Stab: Sleeping          |     1 |       ||     1
  Eat: Chunk             |     3 |     3 ||     6
Armor: Leather armour    |    22 |    16 ||    38
Dodge: Dodged            |    72 |    49 ||   121

Table legend:
 A = Non-vault XP
 B = Vault XP
 C = Vault XP percentage of total XP
 D = Non-vault monster count
 E = Vault monster count
 F = Vault count percentage of total count
                 A         B        C        D         E       F
            +---------+---------+-------+---------+---------+-------
      Total |     158 |       0 |   0.0 |      61 |       0 |   0.0
            +---------+---------+-------+---------+---------+-------
        D:1 |      52 |       0 |   0.0 |      28 |       0 |   0.0
        D:2 |      44 |       0 |   0.0 |      20 |       0 |   0.0
        D:3 |      62 |       0 |   0.0 |      13 |       0 |   0.0
            +---------+---------+-------+---------+---------+-------
